 Dungeon Crawl Stone Soup version 0.27.1-3-gb3d3a73c9e (webtiles) character file.

Game seed: 1011262209923967447

93847 raph the Geomancer (level 15, -6/85 HPs)
             Began as a Deep Elf Earth Elementalist on Oct 29, 2021.
             Was an Elder of Sif Muna.
             Shot with a sling bullet by a faun (19 damage)
             ... on level 1 of the Shoals.
             The game lasted 01:24:13 (43158 turns).

raph the Geomancer (Deep Elf Earth Elementalist)   Turns: 43158, Time: 01:24:14

Health: -6/85      AC: 14    Str:  7    XL:     15   Next: 61%
Magic:  4/41       EV: 21    Int: 25    God:    Sif Muna [****..]
Gold:   457        SH:  6    Dex: 22    Spells: 1/36 levels left

rFire    . . .     SeeInvis .   b - +11 short sword of Calamity {elec, Dex+4 Stlth+}
rCold    . . .     Faith    .   v - +0 buckler
rNeg     . . .     Spirit   .   L - +1 acid dragon scales
rPois    .         Reflect  .   P - +0 helmet
rElec    .         Harm     .   h - +1 cloak
rCorr    +         Rampage  .   I - +0 pair of fencer's gloves {Riposte Dex+3}
Will     .....                  q - +1 pair of boots
Stlth    ++++++....             (no amulet)
HPRegen  0.24/turn              k - ring of magical power
MPRegen  0.27/turn              T - +4 ring of evasion

@: weak-willed, mesmerised
A: no striking features
a: Renounce Religion, Channel Magic, Forget Spell, Divine Exegesis


You were on level 1 of the Shoals.
You worshipped Sif Muna.
Sif Muna was greatly pleased with you.
You visited 5 branches of the dungeon, and saw 25 of its levels.
You also visited: Bailey.

You collected 2822 gold pieces.
You spent 2365 gold pieces at shops.

Inventory:

Hand Weapons
 a - a +0 dagger of pain
 b - the +11 short sword of Calamity (weapon) {elec, Dex+4 Stlth+}
   (You acquired it on level 14 of the Dungeon)

   It occasionally discharges a powerful burst of electricity upon striking a
   foe.
   Dex:       It affects your dexterity (+4).
   Stlth:     It makes you more stealthy.
 g - a +3 short sword of electrocution
 D - a +0 rapier
Missiles
 c - 401 stones
 n - 7 boomerangs of dispersal
 A - 7 curare-tipped darts
 J - a throwing net
 K - 46 poisoned darts
Armour
 h - a +1 cloak (worn)
 q - a +1 pair of boots (worn)
 v - a +0 buckler (worn)
 I - the +0 pair of fencer's gloves (worn) {Riposte Dex+3}
   (You found it on level 10 of the Dungeon)

   It allows the wearer to riposte with any weapon, or to riposte more often
   with a long blade, swiftly retaliating against a missed attack.
   Dex:       It affects your dexterity (+3).
 L - +1 acid dragon scales (worn)
 P - a +0 helmet (worn)
Magical Staves
 j - a staff of fire
 M - a staff of death
Jewellery
 k - a ring of magical power (left hand)
 Q - a ring of protection from cold
 T - a +4 ring of evasion (right hand)
 V - a +4 ring of evasion
Wands
 o - a wand of iceblast (39)
 s - a wand of flame (56)
 u - a wand of mindburst (30)
 B - a wand of polymorph (20)
 C - a wand of acid (33)
 F - a wand of charming (13)
 G - a wand of paralysis (29)
 X - a wand of digging (10)
Scrolls
 p - 5 scrolls of fear
 r - 8 scrolls of identify
 t - 5 scrolls of fog
 w - 8 scrolls of teleportation
 R - a scroll of holy word
 U - a scroll of blinking
 W - a scroll of magic mapping
Potions
 e - 4 potions of curing
 f - 3 potions of magic
 i - 9 potions of heal wounds
 l - 2 potions of might
 m - 2 potions of invisibility
 z - a potion of ambrosia
 E - 3 potions of mutation
 H - 3 potions of brilliance
 N - 4 potions of haste
 O - a potion of resistance
 S - 3 potions of cancellation
 Z - a potion of berserk rage
Miscellaneous
 d - a phantom mirror
 x - a condenser vane
 y - a box of beasts


   Skills:
 - Level 6.7 Fighting
 - Level 7.6 Short Blades
 - Level 3.6 Armour
 - Level 10.0 Dodging
 - Level 10.3 Stealth
 - Level 4.0 Shields
 - Level 11.3 Spellcasting
 + Level 8.7 Conjurations
 - Level 7.2 Summonings
 - Level 13.2 Necromancy
 - Level 1.1 Transmutations
 + Level 13.5 Earth Magic
 - Level 9.6 Invocations


You had one spell level left.
You knew the following spells:

 Your Spells              Type           Power      Damage    Failure   Level
a - Sandblast             Erth           100%       2d20      1%          1
b - Passwall              Tmut/Erth      41%        N/A       1%          2
c - Stone Arrow           Conj/Erth      100%       3d13      1%          3
d - Summon Ice Beast      Ice/Summ       32%        N/A       17%         4
e - Borgnjor's Vile Clut  Necr/Erth      34%        N/A       1%          5
f - Pain                  Necr           100%       1d9       1%          1
g - Iron Shot             Conj/Erth      31%        9d6       12%         6
h - Vampiric Draining     Necr           34%        2d10      1%          3
i - Death Channel         Necr           34%        N/A       5%          6
j - Animate Dead          Necr           34%        N/A       1%          4

Your spell library contained the following spells:

 Spells                   Type           Power      Damage    Failure   Level
 Magic Dart               Conj           100%       1d8       1%          1
 Beastly Appendage        Tmut           38%        N/A       4%          1
 Corona                   Hex            15%        N/A       8%          1
 Call Imp                 Summ           50%        N/A       1%          2
 Corpse Rot               Necr/Air       N/A        N/A       1%          2
 Searing Ray              Conj           100%       3d7       1%          2
 Static Discharge         Conj/Air       36%        N/A       1%          2
 Sublimation of Blood     Necr           34%        N/A       1%          2
 Dispel Undead            Necr           69%        3d23      1%          4
 Agony                    Necr           69%        N/A       1%          5
 Conjure Flame            Conj/Fire      36%        6-21      3%          3
 Petrify                  Tmut/Erth      50%        N/A       3%          4
 Wereblood                Tmut           19%        N/A       8%          2
 Bolt of Magma            Conj/Fire/Erth 25%        4d12      10%         5
 Ensorcelled Hibernation  Hex/Ice        28%        N/A       12%         2
 Slow                     Hex            14%        N/A       12%         2
 Fulminant Prism          Conj/Hex       18%        3d11      13%         4
 Sticky Flame             Conj/Fire      36%        2d6       13%         4
 Spider Form              Tmut/Pois      8%         N/A       19%         3
 Ignite Poison            Fire/Tmut/Pois 16%        N/A       21%         3
 Confusing Touch          Hex            14%        N/A       22%         3
 Gell's Gravitas          Tloc           7%         N/A       22%         3
 Lesser Beckoning         Tloc           7%         N/A       22%         3
 Teleport Other           Tloc           14%        N/A       22%         3
 Tukima's Dance           Hex            14%        N/A       22%         3
 Summon Forest            Summ/Tloc      16%        N/A       43%         5
 Summon Mana Viper        Hex/Summ       32%        N/A       43%         5
 Alistair's Intoxication  Tmut/Pois      10%        N/A       86%         5
 Yara's Violent Unravell  Hex/Tmut       8%         3d5       86%         5
 Monstrous Menagerie      Summ           25%        N/A       98%         7
 Eringya's Noxious Bog    Tmut/Pois      8%         N/A       100%        6
 Death's Door             Necr           34%        N/A       100%        9
 Shatter                  Erth           34%        3d28*     100%        9


Dungeon Overview and Level Annotations

Branches:
Dungeon (15/15)            Temple (1/1) D:4            Lair (6/6) D:11
 Shoals (1/4) Lair:3        Snake (0/4) Lair:4        Slime (0/5) Lair:5
    Orc (2/2) D:11            Elf (0/3) Orc:2        Vaults (0/5) D:14
 Depths (0/5) D:15         Bailey (visited)

Altars:
Ashenzari
Cheibriados
Dithmenos
Elyvilon
Fedhas
Gozag
Hepliaklqana
Kikubaaqudgha
Makhleb
Nemelex Xobeh
Okawaru
Qazlal
Ru
Sif Muna
Trog
Uskayaw
Vehumet
Wu Jian
Xom
Yredelemnul
Zin
The Shining One
Beogh

Shops:
D:1 ?   D:13 *   Orc:2 *([:   Shoals:1 [

Portals:
Trove: D:10 (give 12 potions of heal wounds)

Annotations:
D:4 3 runed translucent doors, PeMo's ghost, amateur DsAK
D:8 2 runed translucent doors
D:12 3 runed translucent doors, PeterMcNeter's ghost, journeyman VSFi
D:15 exclusion: obsidian statue, Roxanne


Message History

* * * LOW HITPOINT WARNING * * *
Donald draws strength from your wounds!
Casting: Vampiric Draining (safe; 1% risk of failure)
Confirm with . or Enter, or press ? or * to list all spells.
Aiming: Vampiric Draining (safe; 1% risk of failure)
Press: ? - help, Shift-Dir - straight line, f/p - Donald
Aim: Donald, wielding a +2 vampiric demon trident, wearing a +0 chain mail and wearing a +0 kite shield (almost dead, fast, strong)
You draw life force from Donald.
You feel life coursing into your body. Donald misses you.
You block the merfolk siren's attack.
Casting: Vampiric Draining (safe; 1% risk of failure)
Confirm with . or Enter, or press ? or * to list all spells.
Aiming: Vampiric Draining (safe; 1% risk of failure)
Press: ? - help, Shift-Dir - straight line, f/p - Donald
Aim: Donald, wielding a +2 vampiric demon trident, wearing a +0 chain mail and wearing a +0 kite shield (almost dead, fast, strong)
You draw life force from Donald.
You feel life coursing into your body.
Donald hits you with a +2 vampiric demon trident!!
* * * LOW HITPOINT WARNING * * *
Donald draws strength from your wounds!
The merfolk siren chants its luring song.
You block Donald's attack.
Casting: Vampiric Draining (safe; 1% risk of failure)
Confirm with . or Enter, or press ? or * to list all spells.
Aiming: Vampiric Draining (safe; 1% risk of failure)
Press: ? - help, Shift-Dir - straight line, f/p - Donald
Aim: Donald, wielding a +2 vampiric demon trident, wearing a +0 chain mail and wearing a +0 kite shield (almost dead, fast, strong)
You draw life force from Donald!
You feel life coursing into your body. Donald barely misses you.
The merfolk siren chants its luring song.
Casting: Vampiric Draining (safe; 1% risk of failure)
Confirm with . or Enter, or press ? or * to list all spells.
Aiming: Vampiric Draining (safe; 1% risk of failure)
Press: ? - help, Shift-Dir - straight line, f/p - Donald
Aim: Donald, wielding a +2 vampiric demon trident, wearing a +0 chain mail and wearing a +0 kite shield (almost dead, fast, strong)
You draw life force from Donald!
You kill Donald!
Sif Muna accepts your kill.
You feel life coursing into your body.
The merfolk siren chants its luring song.
The faun shoots a sling bullet.
The sling bullet hits you!!
You die...

.≈≈≈≈≈≈≈≈
≈≈≈≈≈≈≈≈≈≈≈≈≈≈≈≈≈≈≈≈≈≈≈≈
≈≈≈≈≈≈≈≈≈≈≈≈≈≈≈≈≈≈≈≈≈≈≈≈
≈≈≈≈≈≈≈≈≈≈≈≈≈≈≈≈≈≈≈≈≈≈≈≈
≈≈≈≈≈≈≈≈≈≈≈≈≈≈≈≈≈≈≈≈≈≈≈≈
≈≈≈≈≈≈≈≈≈ ≈≈..≈≈≈≈.≈≈≈≈
≈≈≈≈≈≈≈≈≈
.....≈≈≈≈≈≈≈≈≈≈≈≈
≈≈≈≈≈≈≈≈
#..).≈≈≈≈≈≈≈≈≈≈≈ ≈≈≈≈≈≈
#@.m..≈≈≈≈≈≈≈≈≈ ≈≈≈
#..c...≈≈≈≈≈≈≈≈
##.....≈≈≈≈≈≈≈≈ ≈≈≈
####..≈≈≈≈≈≈≈ ≈.. ###
#.≈≈≈≈≈≈≈ .# ≈≈ #.##
##..≈≈≈≈≈≈ ≈## #≈≈
#..###....≈≈≈≈≈ ≈.###..≈
##.........≈≈≈≈≈
≈≈......
###..÷.)....≈≈≈≈≈≈


You could see a faun and a merfolk siren (mesmerising).

Vanquished Creatures
  Donald (Shoals:1)
  A very ugly thing (D:13)
  Snorg (Lair:3)
  3 merfolk impalers (Shoals:1)
  2 vault guards (D:14)
  A fire dragon (D:15)
  Erolcha (D:13)
  5 boulder beetles
  2 catoblepae
  5 hydras
  An ice dragon (D:15)
  2 centaur warriors
  8 two-headed ogres
  4 tengu warriors
  Nergalle (Orc:1)
  Sonja (D:12)
  5 orc high priests
  2 hell knights (D:15)
  A sea snake (Shoals:1)
  A goliath frog (Lair:6)
  3 deep elf pyromancers
  Pikel (D:8)
  An orc sorcerer (Orc:2)
  A deep elf zephyrmancer (D:13)
  6 manticores
  2 fauns (Shoals:1)
  16 ugly things
  3 cyclopes
  4 elephants (Lair:5)
  A merfolk siren (Shoals:1)
  A black mamba (Lair:4)
  Maurice (D:8)
  An eye of devastation (Lair:5)
  A torpor snail (Lair:6)
  16 cane toads
  3 gargoyles
  An unseen horror (D:13)
  2 kobold demonologists
  2 rime drakes (Lair:6)
  2 freezing wraiths
  4 tengu conjurers
  A yaktaur (D:15)
  A red devil (D:15)
  11 komodo dragons
  2 hellwings (D:15)
  An ice devil (D:15)
  2 wind drakes (Shoals:1)
  A meliai (shapeshifter) (D:13)
  6 polar bears
  3 tyrant leeches (Lair:6)
  6 trolls
  8 slime creatures
  A dream sheep (Lair:3)
  13 blink frogs
  A wraith (D:13)
  31 yaks
  9 humans (D:14)
  A spriggan (Lair:4)
  A human (shapeshifter) (D:14)
  2 shadows (D:10)
  4 wyverns
  7 vampire mosquitoes
  A steam dragon (D:6)
  Grum (D:8)
  5 basilisks
  An acid dragon (D:12)
  A warg (Orc:2)
  27 water moccasins
  A floating eye (Lair:5)
  Duvessa (D:7)
  25 orc warriors
  2 ice beasts (D:5)
  A sky beast (D:6)
  4 black bears
  8 ogres
  A necrophage (D:5)
  18 wolves
  14 centaurs
  4 lemures (D:8)
  A phantom (D:5)
  5 kobold brigands
  23 bullfrogs
  Dowan (D:7)
  6 scorpions
  A water moccasin zombie (D:7)
  5 killer bees (D:9)
  4 wights (D:8)
  2 howler monkeys
  2 electric eels
  A bullfrog zombie (D:6)
  2 jellies
  3 centaur zombies
  5 hounds
  24 orc priests
  Crazy Yiuf (D:3)
  A bullfrog skeleton (D:5)
  A gnoll shaman (D:10)
  2 iguanas
  Natasha (D:2)
  24 orc wizards
  A killer bee zombie (D:8)
  2 hound skeletons
  A howler monkey zombie (D:7)
  8 gnolls
  6 adders
  A shadow imp (D:6)
  3 white imps
  An ufetubus (D:7)
  A worm (D:4)
  2 dart slugs
  55 orcs
  5 bats
  4 endoplasms
  2 giant cockroaches (D:1)
  6 goblins
  11 hobgoblins
  2 jackals (D:1)
  26 kobolds
  3 quokkas
  5 ball pythons
  2 frilled lizards (D:1)
  5 rats
614 creatures vanquished.

Vanquished Creatures (collateral kills)
  An ogre mage (D:15)
  A two-headed ogre (D:15)
  2 elephants (Lair:5)
  3 cane toads
  2 blink frogs (Lair:6)
  5 dream sheep (Lair:3)
  13 yaks
  A basilisk (Lair:3)
  A water moccasin (Lair:4)
  2 orc warriors
  2 wolves
  An electric eel (Lair:2)
  3 orc wizards
  2 orcs (Orc:1)
39 creatures vanquished.

Vanquished Creatures (others)
  A human (D:14)
  70 fungi
  140 plants
211 creatures vanquished.

Grand Total: 864 creatures vanquished

Notes
Turn   | Place    | Note
-------+----------+-------------------------------------------
     0 | D:1      | raph the Deep Elf Earth Elementalist began the quest for
                  | the Orb.
     0 | D:1      | Reached XP level 1. HP: 10/10 MP: 6/6
   391 | D:1      | Reached XP level 2. HP: 15/15 MP: 6/8
   788 | D:1      | Learned a level 2 spell: Passwall
  1021 | D:1      | Reached XP level 3. HP: 19/19 MP: 6/9
  1082 | D:1      | Found Hokler's Magic Scroll Emporium.
  1199 | D:1      | Reached skill level 5 in Earth Magic
  1591 | D:2      | Learned a level 3 spell: Stone Arrow
  1909 | D:2      | Found a faded altar of an unknown god.
  1912 | D:2      | Noticed Natasha
  1918 | D:2      | Killed Natasha
  1919 | D:2      | Reached skill level 1 in Conjurations
  1919 | D:2      | Reached XP level 4. HP: 24/24 MP: 6/10
  3173 | D:3      | Found a basalt altar of Yredelemnul.
  3757 | D:3      | Found a runed translucent door.
  3758 | D:3      | Noticed Crazy Yiuf
  3763 | D:3      | Killed Crazy Yiuf
  3764 | D:3      | Reached XP level 5. HP: 28/28 MP: 8/11
  4592 | D:4      | Found a staircase to the Ecumenical Temple.
  4600 | Temple   | Entered the Ecumenical Temple
  4826 | Temple   | Became a worshipper of Sif Muna the Loreminder
  5198 | D:4      | Reached XP level 6. HP: 33/33 MP: 5/13
  5562 | D:4      | Found a runed translucent gate.
  5562 | D:4      | Found a runed translucent gate.
  5562 | D:4      | Found a runed translucent gate.
  5564 | D:4      | Noticed PeMo's ghost (amateur DsAK)
  5720 | D:4      | Reached skill level 1 in Fighting
  6411 | D:5      | Entered Level 5 of the Dungeon
  6466 | D:5      | Learned a level 4 spell: Petrify
  6615 | D:5      | Reached XP level 7. HP: 38/38 MP: 7/14
  7307 | D:5      | Noticed a yak
  7309 | D:5      | Noticed a yak
  7310 | D:5      | Noticed a yak
  7325 | D:5      | Killed a yak
  7326 | D:5      | Reached XP level 8. HP: 34/44 MP: 3/17
  7366 | D:4      | Reached skill level 5 in Spellcasting
  7853 | D:5      | Reached * piety under Sif Muna
  7871 | D:5      | Reached skill level 5 in Stealth
  8457 | D:1      | Bought a scroll of enchant weapon for 97 gold pieces
  8457 | D:1      | Bought a scroll of identify for 26 gold pieces
  8457 | D:1      | Bought a scroll of fog for 26 gold pieces
  9011 | D:6      | Reached skill level 1 in Invocations
  9024 | D:6      | Reached skill level 5 in Dodging
  9252 | D:6      | Reached XP level 9. HP: 29/50 MP: 16/19
  9387 | D:6      | Learned a level 5 spell: Borgnjor's Vile Clutch
  9485 | D:6      | Got Sif Muna's Handbook of Glacial Dark Secrets
  9999 | D:7      | Reached skill level 1 in Necromancy
 10336 | D:7      | Found a hazy altar of Hepliaklqana.
 10355 | D:7      | Found a flagged portal.
 10405 | Bailey   | Entered a bailey
 10413 | Bailey   | Learned a level 1 spell: Pain
 10416 | Bailey   | Learned a level 2 spell: Corpse Rot
 10706 | Bailey   | Noticed an orc knight
 10897 | Bailey   | Identified the +6 spear of Filigreed Watchfulness
                  | {antimagic, rF+}
 10994 | Bailey   | Found a burning altar of Makhleb.
 11768 | D:7      | Noticed Duvessa
 11768 | D:7      | Noticed Dowan
 11792 | D:7      | Killed Duvessa
 11796 | D:7      | Killed Dowan
 12048 | D:7      | Reached ** piety under Sif Muna
 12485 | D:8      | Reached skill level 5 in Necromancy
 12490 | D:8      | Noticed Grum
 12502 | D:8      | Killed Grum
 12503 | D:8      | Reached XP level 10. HP: 54/56 MP: 1/21
 12781 | D:8      | Noticed Pikel
 12793 | D:8      | Killed Pikel
 12841 | D:8      | Identified the +2 dagger of Mastery {chaos, Will+ Int+3
                  | Dex+4}
 13200 | D:8      | Found a large runed translucent door.
 13201 | D:8      | Found a large runed translucent door.
 13201 | D:8      | Found a shimmering altar of Xom.
 13201 | D:8      | Noticed a cyan ugly thing
 13208 | D:8      | Reached skill level 10 in Earth Magic
 13285 | D:8      | Noticed Maurice
 13297 | D:8      | Killed Maurice
 13814 | D:8      | Found an iron altar of Okawaru.
 13840 | D:8      | Found a blossoming altar of Fedhas.
 13841 | D:8      | Found a burning altar of Makhleb.
 13841 | D:8      | Found a stormy altar of Qazlal.
 13841 | D:8      | Found a bloodstained altar of Trog.
 13906 | D:8      | Found an opulent altar of Gozag.
 13907 | D:8      | Found a glowing golden altar of the Shining One.
 14083 | D:9      | Noticed a two-headed ogre
 14094 | D:9      | Killed a two-headed ogre
 14197 | D:9      | Learned a level 3 spell: Vampiric Draining
 14440 | D:9      | Reached *** piety under Sif Muna
 15433 | D:10     | Entered Level 10 of the Dungeon
 15524 | D:10     | Noticed a centaur warrior
 15530 | D:10     | Killed a centaur warrior
 15780 | D:10     | Found the +0 pair of fencer's gloves {Riposte Dex+3}
 15794 | D:10     | Reached XP level 11. HP: 43/60 MP: 14/23
 16253 | D:10     | Found a portal to a secret trove of treasure.
 17286 | D:11     | Identified the +0 kite shield of Gozag's Esteem {Int+7}
 17348 | D:11     | Reached skill level 5 in Invocations
 17401 | D:11     | Noticed a two-headed ogre
 17404 | D:11     | Noticed a boulder beetle
 17476 | D:11     | Killed a two-headed ogre
 17479 | D:11     | Reached skill level 10 in Necromancy
 18372 | D:11     | You fall into a shaft and drop 2 floors!
 18375 | D:13     | Noticed a deep elf pyromancer
 18380 | D:13     | Killed a deep elf pyromancer
 18535 | D:13     | Noticed a cyan ugly thing
 18535 | D:13     | Noticed a tengu warrior
 18543 | D:13     | Killed a cyan ugly thing
 18553 | D:13     | Killed a tengu warrior
 18733 | D:12     | Reached **** piety under Sif Muna
 19029 | D:12     | Found a runed translucent gate.
 19030 | D:12     | Found a runed translucent gate.
 19030 | D:12     | Found a runed translucent gate.
 19032 | D:12     | Noticed a tengu warrior
 19032 | D:12     | Noticed a white ugly thing
 19032 | D:12     | Noticed PeterMcNeter's ghost (journeyman VSFi)
 19032 | D:12     | Noticed a boulder beetle
 19032 | D:12     | Noticed a two-headed ogre
 19072 | D:12     | Reached skill level 5 in Fighting
 19313 | D:12     | Noticed Sonja
 19320 | D:12     | Killed Sonja
 19321 | D:12     | Reached skill level 1 in Short Blades
 19321 | D:12     | Reached XP level 12. HP: 68/68 MP: 26/26
 19647 | D:12     | Learned a level 6 spell: Death Channel
 19665 | D:12     | Noticed a two-headed ogre
 19828 | D:11     | Noticed a two-headed ogre
 19833 | D:11     | Killed a two-headed ogre
 19836 | D:11     | Found a staircase to the Lair.
 20108 | Lair:1   | Entered Level 1 of the Lair of Beasts
 20995 | Lair:1   | Learned a level 4 spell: Summon Ice Beast
 21432 | Lair:2   | Reached skill level 1 in Summonings
 21526 | Lair:2   | Noticed a five-headed hydra
 21532 | Lair:2   | Killed a five-headed hydra
 21533 | Lair:2   | Reached skill level 1 in Shields
 22452 | Lair:3   | Noticed Snorg
 22456 | Lair:3   | Killed Snorg
 23362 | Lair:3   | Reached XP level 13. HP: 54/73 MP: 3/28
 23508 | Lair:3   | Reached ***** piety under Sif Muna
 24473 | Lair:3   | Found a staircase to the Shoals.
 25263 | Lair:4   | You fall into a shaft and drop 2 floors!
 25263 | Lair:6   | Entered Level 6 of the Lair of Beasts
 25308 | Lair:6   | Identified the +1 falchion of Freehold {vorpal, Str+3}
 25398 | Lair:5   | Reached skill level 5 in Summonings
 26247 | Lair:4   | Found a staircase to the Snake Pit.
 26814 | Lair:5   | Identified the +1 leather armour of Grand New Discoveries
                  | {rElec rC+ rN+}
 27304 | Lair:5   | Found a staircase to the Slime Pits.
 27316 | Lair:5   | Reached skill level 1 in Armour
 28342 | Lair:6   | Received a gift from Sif Muna
 28350 | Lair:6   | Reached skill level 5 in Short Blades
 28843 | Lair:6   | Got Sif Muna's Incunabulum of the Sinister Escort {god
                  | gift}
 28855 | Lair:5   | Learned a level 4 spell: Animate Dead
 29087 | Lair:6   | Reached XP level 14. HP: 64/79 MP: 10/29
 30083 | Lair:6   | Found the +9 scales of the Dragon King {rPois rF+ rC+
                  | Will+}
 31361 | D:11     | Found a staircase to the Orcish Mines.
 31502 | Orc:1    | Entered Level 1 of the Orcish Mines
 31502 | Orc:1    | Noticed Nergalle
 31510 | Orc:1    | Killed Nergalle
 31663 | Orc:2    | Entered Level 2 of the Orcish Mines
 32061 | Orc:1    | Received a gift from Sif Muna
 32065 | Orc:1    | Reached skill level 10 in Stealth
 32065 | Orc:1    | Reached skill level 10 in Spellcasting
 32067 | Orc:1    | Got Zegai's Reference Book on Stolen Souls {god gift}
 33310 | Orc:2    | Found Resh's Book Emporium.
 33310 | Orc:2    | Found Popt's Assorted Antiques.
 33310 | Orc:2    | Found Seddurergh's Antique Armour Emporium.
 33327 | Orc:2    | Found Cecibb's Antique Weapon Shoppe.
 33476 | Orc:2    | Bought a potion of heal wounds for 155 gold pieces
 33476 | Orc:2    | Bought a potion of brilliance for 124 gold pieces
 33476 | Orc:2    | Bought a tourmaline ring for 155 gold pieces
 33609 | Orc:2    | Found a staircase to the Elven Halls.
 34516 | Orc:2    | Bought Cyttut's Disquisition on Damaging Summoning for 494
                  | gold pieces
 34692 | D:12     | Received a gift from Sif Muna
 34893 | D:13     | Noticed a cyan very ugly thing
 35092 | D:13     | Noticed Erolcha
 35094 | D:13     | Killed Erolcha
 35314 | D:13     | Found Med Reomp's Assorted Antiques.
 35337 | D:13     | You fall into a shaft and drop 1 floor!
 35545 | D:13     | Reached skill level 5 in Conjurations
 35889 | D:13     | Killed a cyan very ugly thing
 36506 | D:13     | Bought a potion of haste for 230 gold pieces
 36506 | D:13     | Bought a potion of heal wounds for 115 gold pieces
 36506 | D:13     | Bought a scroll labelled ZUAMAS DOLARYI for 23 gold pieces
 36508 | D:13     | Bought a condenser vane for 920 gold pieces
 37334 | D:14     | Identified a scroll of acquirement
 37334 | D:14     | Acquired the +11 short sword of Calamity {elec, Dex+4
                  | Stlth+}
 37366 | D:14     | Found an ornate altar of the Wu Jian Council.
 37816 | D:14     | Reached XP level 15. HP: 52/85 MP: 25/32
 38547 | D:14     | Reached skill level 10 in Dodging
 38886 | D:14     | Found a gate to the Vaults.
 39262 | D:15     | Entered Level 15 of the Dungeon
 39379 | D:15     | Learned a level 6 spell: Iron Shot
 40005 | D:15     | Noticed Roxanne
 40190 | D:15     | Found a staircase to the Depths.
 40622 | D:15     | Found a burning altar of Makhleb.
 41628 | D:15     | Found an ornate altar of the Wu Jian Council.
 42011 | Shoals:1 | Entered Level 1 of the Shoals
 42035 | Shoals:1 | Found Umeomuecs's Antique Armour Shoppe.
 43034 | Shoals:1 | Noticed Donald
 43156 | Shoals:1 | HP: 4/85 [Donald (20)]
 43158 | Shoals:1 | Killed Donald
 43158 | Shoals:1 | Shot with a sling bullet by a faun

Illustrated notes

Levels and vault maps discovered:
D:1:      lemuel_arrival_hallway, layout_loops_ring, serial_shops, shop,
          minmay_hexomino_c4
D:2:      layout_basic, shapermc_ecumenical_altar_notcrosses, uniq_natasha
D:3:      layout_loops_cross, nicolae_overflow_crystal_walls,
          uniq_crazy_yiuf_cottage
D:4:      cheibrodos_helix_gallery, layout_loops_corners,
          minmay_temple_entry_stoned_glass, gammafunk_ghost_nasty_kobolds,
          serial_glass, glass_columns_c, glass_columns_b
D:5:      layout_cave_pods
D:6:      layout_basic, serial_curves, eino_curves_03, eino_curves_02
D:7:      layout_basic, old_standard_altar, enter_bailey_5,
          chequers_ossuary_entry_cave, hangedman_decor_growths, uniq_duvessa
D:8:      due_chaos_kobolds, layout_basic, minitemple, uniq_grum, uniq_maurice,
          uniq_pikel
D:9:      layout_loops_corners
D:10:     layout_small_grid, enter_trove_0, nicolae_straight_to_the_point
D:11:     layout_roguey, grunt_lair_entry_orc_guard_hut
D:12:     layout_roguey, gammafunk_ghost_split, uniq_sonja
D:13:     minmay_ornate_pinched, layout_grid_maze, serial_shops,
          nicolae_inconvenience_store, uniq_erolcha
D:14:     layout_layer_cave, ximxim_vaults_locker_room, old_standard_altar
D:15:     grunt_enter_depths_hoard, layout_loops_cross,
          pdpol_wu_jian_five_deadly_venoms, grunt_guarded_unrand_obsidian_axe,
          uniq_roxanne
Temple:   nicolae_temple_figure_eight
Lair:1:   layout_long_grid, st_stairs_7, chequers_serial_rivers_micro_c,
          cheibrodos_lair_lostbears
Lair:2:   layout_regular_city, serial_bayou_shore_a, lemuel_fruit_fields
Lair:3:   layout_layer_cave, elwin_shoals_entry_rooms, uniq_snorg
Lair:4:   layout_cave_shapes, minmay_snake_entry_six_corridors,
          grunt_forest_stairs_basic, grunt_forest_stairs_clearing
Lair:5:   layout_long_grid, minmay_slime_entry_eyes,
          portal_ice_cave_entry_pillars_1, beast_lair_carwin_5,
          grunt_megastairs_2, lemuel_fruit_tree
Lair:6:   minmay_lair_end_frog_pond, layout_regular_city, serial_bayou_shore_b
Shoals:1: layout_shoals, serial_shops, nicolae_shop_overgrown_old_shop,
          uniq_donald
Orc:1:    layout_diamond_mine, uniq_nergalle
Orc:2:    st_orc_mages, layout_caves, basic_altar

Skill      XL: |  1  2  3  4  5  6  7  8  9 10 11 12 13 14 15 |
---------------+----------------------------------------------+-----
Earth Magic    | 4 5 6 7 8 9 10 11 12 13 | 13.5
Conjurations   | 1 2 3 4 5 8 |  8.7
Stealth        | 3 4 5 6 8 9 10 | 10.3
Dodging        | 3 4 5 6 7 8 9 10 | 10.0
Fighting       | 1 2 3 5 6 |  6.7
Spellcasting   | 4 5 6 7 8 9 11 | 11.3
Invocations    | 2 3 4 6 7 9 |  9.6
Necromancy     | 5 9 10 11 12 13 | 13.2
Short Blades   | 1 3 5 7 |  7.6
Summonings     | 3 6 7 |  7.2
Shields        | 3 4 |  4.0
Armour         | 1 3 |  3.6
Transmutations | |  1.1

Action                   |  1- 3 |  4- 6 |  7- 9 | 10-12 | 13-15 || total
-------------------------+-------+-------+-------+-------+-------++-------
Melee: Unarmed           |     5 |       |       |       |       ||     5
       Short sword       |    27 |    40 |     1 |    91 |   262 ||   421
       Quarterstaff      |       |       |    34 |    36 |       ||    70
       Staff             |       |       |       |       |     3 ||     3
       Dagger            |       |       |       |       |    86 ||    86
Throw: Boomerang         |       |       |       |     2 |       ||     2
 Cast: Sandblast         |    37 |    24 |    84 |    84 |    23 ||   252
       Stone Arrow       |       |    26 |    52 |    54 |    86 ||   218
       Passwall          |       |     2 |       |     2 |     8 ||    12
       Pain              |       |       |    19 |     8 |     3 ||    30
       Borgnjor's Vile C |       |       |     4 |   100 |   251 ||   355
       Petrify           |       |       |     1 |       |       ||     1
       Corpse Rot        |       |       |       |     3 |     3 ||     6
       Vampiric Draining |       |       |       |     8 |    23 ||    31
       Death Channel     |       |       |       |     4 |    17 ||    21
       Animate Dead      |       |       |       |       |     6 ||     6
       Iron Shot         |       |       |       |       |     9 ||     9
Invok: Channel Magic     |       |       |       |       |     5 ||     5
Evoke: Wand              |       |       |     3 |       |     2 ||     5
  Use: Scroll            |     2 |     9 |     4 |    18 |     6 ||    39
       Potion            |       |       |     1 |     1 |     3 ||     5
 Stab: Sleeping          |     2 |     1 |     1 |     4 |    15 ||    23
       Distracted        |       |       |       |       |     3 ||     3
Armor: Robe              |    15 |    12 |     9 |       |       ||    36
       Leather armour    |       |       |    17 |    59 |       ||    76
       Acid dragon scale |       |       |       |    24 |   121 ||   145
Dodge: Dodged            |    28 |    26 |    51 |   164 |   342 ||   611
Block: Buckler           |       |       |       |    11 |   106 ||   117
       Rpst.: Short sword |       |       |       |    25 |    63 ||    88
       Staff             |       |       |       |       |     3 ||     3
       Dagger            |       |       |       |       |    13 ||    13
